 Seeded DCSS version 0.28-a0-1555-g9ae15a6949 (webtiles) character file.

Game seed: 2 (custom seed)

114 knot the Chopper (level 4, -3/52 HPs)
             Began as a Demonspawn Berserker on Jan 19, 2022.
             Was a Believer of Trog.
             Slain by a sky beast (5 damage)
             ... on level 2 of the Dungeon.
             The game lasted 00:02:32 (2844 turns).

knot the Chopper (Demonspawn Berserker)             Turns: 2844, Time: 00:02:32

Health: -3/52      AC:  5    Str: 18    XL:     4   Next: 66%
Magic:  4/4        EV: 11    Int: 10    God:    Trog [**....]
Gold:   80         SH:  0    Dex: 12    Spells: 3/3 levels left

rFire   . . .      SeeInvis .   a - +0 hand axe
rCold   . . .      Faith    .   (no shield)
rNeg    . . .      Spirit   .   f - +0 ring mail
rPois   .          Reflect  .   (no helmet)
rElec   .          Harm     .   (no cloak)
rCorr   .          Rampage  .   (no gloves)
Will    .....                   (no boots)
Stlth   ..........              (no amulet)
HPRegen 0.17/turn               (no ring)
MPRegen 0.09/turn               (no ring)

@: berserking (expiring), very quick
A: claws 1
a: Renounce Religion, Berserk, Trog's Hand


You were on level 2 of the Dungeon.
You worshipped Trog.
Trog was pleased with you.
You visited 1 branch of the dungeon, and saw 3 of its levels.

You collected 80 gold pieces.

Inventory:

Hand Weapons
 a - a +0 hand axe (weapon)
 n - a +2 whip of electrocution
Missiles
 b - 26 sling bullets
 d - 31 stones (quivered)
 e - 32 arrows
 g - 2 boomerangs
Armour
 f - a +0 ring mail (worn)
Scrolls
 c - 4 scrolls of identify {unknown}
 h - a scroll of fear {unknown}
 j - a scroll of teleportation {unknown}
 l - a scroll of immolation {unknown}
 m - a scroll of holy word {unknown}
Potions
 i - a potion of attraction {unknown}
 k - a potion of degeneration {unknown}


   Skills:
 - Level 3.5 Fighting
 + Level 3.8 Axes
 - Level 2.4 Armour
 - Level 2.4 Dodging


You had 3 spell levels left.
You didn't know any spells.
Your spell library contained the following spells:

 Spells                   Type           Power      Damage    Failure   Level
 Tukima's Dance           Hex            0%         N/A       89%         3
 Passage of Golubria      Tloc           0%         N/A       100%        4
 Yara's Violent Unravell  Hex/Tmut       0%         3d3       100%        5


Dungeon Overview and Level Annotations

Branches:
Dungeon (3/15)

Altars:
The Shining One


Innate Abilities, Weirdness & Mutations

You have sharp fingernails.


Message History

There is a stone staircase leading up here.
The sky beast hits you but does no damage.
You climb upwards.
There is a stone staircase leading down here.
Your +2 whip of electrocution stops crackling.
a - a +0 hand axe (weapon)
A red film seems to cover your vision as you go berserk!
You feel yourself moving faster!
You feel mighty!
The sky beast hits you but does no damage.
You closely miss the sky beast. The sky beast barely misses you.
You closely miss the sky beast.
The sky beast flickers out of sight!
Deactivating autopickup; reactivate with Ctrl-A.
Something hits you. Something shocks you.
No target in view!
No target in view!
No target in view!
No target in view!
You closely miss something. You closely miss something. Something hits you.
Something shocks you.
You miss something. Something hits you. Something shocks you.
You closely miss something. Something hits you. Something shocks you.
* * * LOW HITPOINT WARNING * * *
You slash something! You miss something.
A sky beast appears from thin air!
Reactivating autopickup.
The sky beast hits you.
* * * LOW HITPOINT WARNING * * *
The sky beast shocks you.
* * * LOW HITPOINT WARNING * * *
You slash the sky beast!
The sky beast is severely wounded.
The sky beast misses you.
You closely miss the sky beast.
The sky beast is severely wounded.
You miss the sky beast.
The sky beast is severely wounded.
The sky beast hits you.
* * * LOW HITPOINT WARNING * * *
The sky beast shocks you.
You die...

#......#####..........
#######.._....).............
#..................#........
#.####.............+........
#†# #.####........#......##
#.# #.# #.########[....†#
#.# #.# #.# #......# #.# #.#
#.########......## #.# #.#
#@Y......+......'. #.#
#.####[########......## #.#
#.##...# ####......# #.#
#..#.### #.....##### #.#
###.#.# #.###.# #.# #...#.#
#.###.# #.#
#.###.#######.#...# #.#
#..<#.......).#'###
#.###########...##...#


You could see a sky beast.

Vanquished Creatures
  An orc priest (D:3)
  2 adders (D:2)
  A worm (D:2)
  2 orcs
  8 ball pythons
  5 endoplasms
  3 giant cockroaches
  4 hobgoblins
  2 jackals (D:1)
  4 quokkas (D:1)
  7 bats
  3 frilled lizards (D:1)
  4 goblins
  7 kobolds
  6 rats
59 creatures vanquished.

Notes
Turn   | Place    | Note
-------+----------+-------------------------------------------
     0 | D:1      | knot the Demonspawn Berserker began the quest for the Orb.
     0 | D:1      | Reached XP level 1. HP: 18/18 MP: 1/1
   234 | D:1      | HP: 1/27 [quokka (3)]
   517 | D:1      | Gained mutation: You have sharp fingernails. [demonic
                  | ancestry]
   517 | D:1      | Reached XP level 2. HP: 21/24 MP: 2/2
  1036 | D:1      | Found a faded altar of an unknown god.
  1043 | D:1      | Reached XP level 3. HP: 26/29 MP: 3/3
  1044 | D:1      | Reached ** piety under Trog
  1937 | D:2      | Reached XP level 4. HP: 35/35 MP: 4/4
  2785 | D:3      | Noticed a sky beast
  2785 | D:3      | Noticed a scorpion
  2824 | D:3      | Noticed an ogre
  2844 | D:2      | HP: 2/52 [sky beast (2)]
  2844 | D:2      | Slain by a sky beast

Illustrated notes

Levels and vault maps discovered:
D:1:      lemuel_arrival_broad_hall, layout_basic,
          nicolae_ecumenical_snake_handling, minmay_misc_feat_tiny
D:2:      layout_basic, basic_altar
D:3:      layout_loops_ring

Skill      XL: |  1  2 |
---------------+-------+-----
Armour         | 2 |  2.4
Dodging        | 2 |  2.4
Axes           | 3 |  3.8
Fighting       | |  3.5

Action                   |  1- 3 |  4- 6 || total
-------------------------+-------+-------++-------
Melee: Hand axe          |   139 |    43 ||   182
       Punch             |     1 |     1 ||     2
       Whip              |       |     2 ||     2
Invok: Berserk           |     4 |     4 ||     8
       Trog's Hand       |       |     1 ||     1
Armor: Animal skin       |    21 |       ||    21
       Ring mail         |    28 |    11 ||    39
Dodge: Dodged            |   118 |    18 ||   136

Table legend: (Time is in decaauts)
 A = Elapsed time spent in this place.
 B = Non-inter-level travel time spent in this place.
 C = Inter-level travel time spent in this place.
 D = Time resting spent in this place.
 E = Time spent auto-exploring this place.
 F = Levels seen in this place.
 G = Mean time per level.
                   A        B        C        D        E       F      G
               +--------+--------+--------+--------+--------+-----+--------+
         Total |   2937 |   2900 |     37 |   1068 |   1451 |   3 |  979.0 |
       Dungeon |   2937 |   2900 |     37 |   1068 |   1451 |   3 |  979.0 |
               +--------+--------+--------+--------+--------+-----+--------+

Top non-repeatable levels by time:
     D:1: 1689 daAuts
     D:2: 1229 daAuts
     D:3: 19 daAuts
